 Dungeon Crawl Stone Soup version 0.29-a0-838-g385bb11a5b (webtiles) character file.

Game seed: 11999446828175343680

2151 gruber the Destroyer (level 9, -6/45 HPs)
             Began as a Tengu Conjurer on July 13, 2022.
             Was an Initiate of Vehumet.
             Mangled by a kobold brigand
             ... wielding a +2 dagger of electrocution
              (17 damage)
             ... on level 7 of the Dungeon.
             The game lasted 00:09:25 (7970 turns).

gruber the Destroyer (Tengu Conjurer)               Turns: 7970, Time: 00:09:25

Health: -6/45      AC:  5    Str:  8    XL:     9   Next: 31%
Magic:  18/25      EV: 17    Int: 22    God:    Vehumet [......]
Gold:   489        SH:  6    Dex: 19    Spells: 10/16 levels left

rFire   . . .      SeeInvis .   k - +1 dagger (venom)
rCold   . . .      Faith    .   h - +0 buckler
rNeg    . . .      Spirit   .   m - +2 robe {Will+}
rPois   .          Reflect  .   (helmet restricted)
rElec   .          Harm     .   q - +0 cloak
rCorr   .          Rampage  .   (no gloves)
Will    +....                   (boots unavailable)
Stlth   ++........              (no amulet)
HPRegen 0.15/turn               x - +6 ring of dexterity
MPRegen 0.19/turn               y - ring of magical power

@: flying quickly and evasively, slowed, studying Necromancy, very slow
A: beak, talons 3, nimble flight
a: Renounce Religion


You were on level 7 of the Dungeon.
You worshipped Vehumet.
Vehumet was noncommittal.
You visited 2 branches of the dungeon, and saw 8 of its levels.

You collected 489 gold pieces.

Inventory:

Hand Weapons
 k - a +1 dagger of venom (weapon)
Missiles
 s - a throwing net
Armour
 h - a +0 buckler (worn)
 m - a +2 robe of willpower (worn)
 q - a +0 cloak (worn)
Jewellery
 x - a +6 ring of dexterity (left hand)
 y - a ring of magical power (right hand)
Wands
 r - a wand of light (9)
Scrolls
 a - 2 scrolls of amnesia {unknown}
 c - a scroll of vulnerability {unknown}
 d - 2 scrolls of enchant weapon {unknown}
 e - 8 scrolls of identify {unknown}
 f - 4 scrolls of enchant armour {unknown}
 g - a scroll of summoning {unknown}
 i - 3 scrolls of noise {unknown}
 j - 5 scrolls of teleportation {unknown}
 l - 2 scrolls of immolation {unknown}
 n - 3 scrolls of fear {unknown}
 w - a scroll of magic mapping {unknown}
 A - a scroll of torment {unknown}
 B - a scroll of blinking {unknown}
Potions
 b - a potion of magic
 o - 3 potions of curing
 p - 4 potions of mutation {unknown}
 t - a potion of flight {unknown}
 u - a potion of degeneration {unknown}
 v - a potion of invisibility {unknown}
 z - a potion of brilliance {unknown}
 C - a potion of heal wounds {unknown}
 D - a potion of ambrosia {unknown}


   Skills:
 - Level 5.4 Dodging
 - Level 2.0 Stealth
 - Level 5.4 Shields
 - Level 4.0 Spellcasting
 * Level 12.4 Conjurations


You had 10 spell levels left.
You knew the following spells:

 Your Spells              Type           Power      Damage    Failure   Level
a - Magic Dart            Conj           100%       1d8       1%          1
b - Searing Ray           Conj           100%       2d8       1%          2
c - Mephitic Cloud        Conj/Pois/Air  22%        N/A       8%          3

Your spell library contained the following spells:

 Spells                   Type           Power      Damage    Failure   Level
 Static Discharge         Conj/Air       31%        3-7/arc   1%          2
 Dazzling Flash           Conj/Hex       62%        N/A       3%          3
 Fulminant Prism          Conj/Hex       15%        3d11      11%         4
 Iskenderun's Mystic Bla  Conj/Tloc      31%        2d8       11%         4
 Apportation              Tloc           8%         N/A       14%         1
 Beastly Appendage        Tmut           8%         N/A       14%         1
 Necrotise                Necr           16%        1d4       14%         1
 Sting                    Tmut/Pois      16%        1d3       14%         1
 Summon Small Mammal      Summ           16%        N/A       14%         1
 Lightning Bolt           Conj/Air       15%        1d29      30%         5
 Call Canine Familiar     Summ           4%         N/A       38%         3
 Gell's Gravitas          Tloc           4%         N/A       38%         3
 Ignite Poison            Fire/Tmut/Pois 4%         N/A       38%         3
 Lesser Beckoning         Tloc           4%         N/A       38%         3
 Portal Projectile        Hex/Tloc       8%         N/A       38%         3
 Summon Guardian Golem    Hex/Summ       4%         N/A       38%         3
 Teleport Other           Tloc           4%         N/A       38%         3
 Freezing Cloud           Conj/Ice/Air   11%        6-21      56%         5
 Ice Form                 Ice/Tmut       4%         N/A       80%         4
 Leda's Liquefaction      Hex/Erth       2%         N/A       80%         4
 Maxwell's Capacitive Co  Air            2%         ∞         100%        8


Dungeon Overview and Level Annotations

Branches:
Dungeon (7/15)             Temple (1/1) D:7

Altars:
Cheibriados
Gozag
Hepliaklqana
Kikubaaqudgha
Makhleb
Vehumet
Xom

Shops:
D:3 [   D:4 (


Innate Abilities, Weirdness & Mutations

You have a beak for a mouth.
You have claws for feet.
Your magical nature lets you fly swiftly and evasively.


Message History

Confirm with . or Enter, or press ? or * to list all spells.
Aiming: Searing Ray (safe; 1% risk of failure)
Press: ? - help, Shift-Dir - straight line, f - kobold brigand
Aim: a kobold brigand, wielding a +2 dagger of electrocution and quivering curare-tipped darts (79% to hit)
The searing ray hits the kobold brigand.
The kobold brigand is moderately wounded. (Press . to maintain the ray.) Unknown command.
The searing ray hits the kobold brigand!
The kobold brigand is heavily wounded.
The kobold brigand hits you but does no damage.
The searing ray misses the kobold brigand.
The kobold brigand completely misses you.
The searing ray hits the kobold brigand.
The kobold brigand is heavily wounded.
You finish channelling your searing ray.
The kobold brigand hits you with a +2 dagger of electrocution. x2
A kobold comes into view. It is wielding a +0 dagger.
Unknown command.
Unknown command.
Casting: Searing Ray (safe; 1% risk of failure)
Confirm with . or Enter, or press ? or * to list all spells.
Aiming: Searing Ray (safe; 1% risk of failure)
Press: ? - help, Shift-Dir - straight line, f - kobold, p - kobold brigand
Aim: a kobold, wielding a +0 dagger and quivering stones (wandering, hasn't noticed you, 79% to hit)
The searing ray hits the kobold brigand!
The kobold brigand is almost dead.
The searing ray hits the kobold.
You kill the kobold!
Vehumet accepts your kill.
The searing ray misses the kobold. (Press . to maintain the ray.)
You block the kobold brigand's attack.
Unknown command.
The searing ray misses the kobold brigand.
The kobold brigand misses you.
The kobold brigand hits you with a +2 dagger of electrocution.
* * * LOW HITPOINT WARNING * * *
You are electrocuted!
You die...

.......##
#....
...>....##
#...#.
.....##..###
#...### ....#
##...##
###...# ...##
###..##
##...## ...#
##..### ##K..#
#.. ###..##
###...## ..#
##..####....##
##.@##...###
###K))K##
##...# #####


You could see a kobold brigand and a kobold.

Vanquished Creatures
  2 wraiths
  A steam dragon (D:6)
  A water moccasin (D:5)
  2 black bears
  3 ogres
  A phantom (D:4)
  A bullfrog (D:6)
  3 necrophages
  3 scorpions
  3 hounds
  A jelly (D:7)
  4 orc priests
  Jessica (D:2)
  3 iguanas
  5 orc wizards
  4 gnolls (D:6)
  7 adders
  A white imp (D:7)
  3 worms
  A dart slug (D:1)
  23 orcs
  5 bats
  7 endoplasms
  5 giant cockroaches
  8 goblins
  11 hobgoblins
  3 jackals (D:1)
  7 quokkas
  3 training dummies (D:4)
  6 ball pythons
  5 frilled lizards
  6 kobolds
  4 rats
143 creatures vanquished.

Vanquished Creatures (others)
  A fungus (D:2)
1 creature vanquished.

Grand Total: 144 creatures vanquished

Notes
Turn   | Place    | Note
-------+----------+-------------------------------------------
     0 | D:1      | gruber the Tengu Conjurer began the quest for the Orb.
     0 | D:1      | Reached XP level 1. HP: 10/10 MP: 4/4
   149 | D:1      | Reached XP level 2. HP: 15/15 MP: 1/6
   236 | D:1      | Reached skill level 6 in Conjurations
   511 | D:1      | Reached XP level 3. HP: 18/19 MP: 5/7
   757 | D:1      | Learned a level 2 spell: Searing Ray
  1568 | D:2      | Found a faded altar of an unknown god.
  1635 | D:2      | Reached XP level 4. HP: 24/24 MP: 2/8
  1756 | D:2      | Reached skill level 7 in Conjurations
  1830 | D:2      | Noticed Jessica
  1833 | D:2      | Killed Jessica
  2088 | D:3      | Found Ruulirob's Armour Shoppe.
  2503 | D:4      | Gained mutation: Your magical nature lets you fly swiftly
                  | and evasively. [Tengu growth]
  2503 | D:4      | Reached XP level 5. HP: 22/28 MP: 4/10
  2557 | D:4      | Reached skill level 8 in Conjurations
  2560 | D:4      | Noticed a phantom
  2683 | D:3      | Reached XP level 6. HP: 32/32 MP: 6/12
  2857 | D:3      | Got the Treatise on Transmutation and Terra Firma
  3722 | D:4      | Reached skill level 9 in Conjurations
  3809 | D:4      | Found a snail-covered altar of Cheibriados.
  3929 | D:4      | Reached XP level 7. HP: 36/36 MP: 7/14
  4108 | D:4      | Learned a level 3 spell: Mephitic Cloud
  4172 | D:4      | Found Epowak's Firing Range.
  4988 | D:5      | Entered Level 5 of the Dungeon
  5037 | D:5      | Reached skill level 5 in Shields
  5037 | D:5      | Reached XP level 8. HP: 21/41 MP: 4/15
  5834 | D:5      | Noticed a wraith
  5883 | D:5      | Killed a wraith
  5884 | D:5      | Reached skill level 5 in Dodging
  6064 | D:6      | Noticed a wraith
  6280 | D:6      | Reached skill level 10 in Conjurations
  6679 | D:6      | Reached skill level 11 in Conjurations
  6679 | D:6      | Reached XP level 9. HP: 41/45 MP: 16/16
  7362 | D:7      | Reached skill level 12 in Conjurations
  7704 | D:7      | Found a staircase to the Ecumenical Temple.
  7787 | Temple   | Entered the Ecumenical Temple
  7891 | Temple   | Became a worshipper of Vehumet
  7970 | D:7      | Mangled by a kobold brigand

Illustrated notes

Levels and vault maps discovered:
D:1:      lemuel_arrival_rhombus, layout_rooms
D:2:      layout_basic, shapermc_ecumenical_altar_ellora,
          ebering_dispersal_statue_hall, kennysheep_flooded_box, uniq_jessica
D:3:      layout_loops_corners, serial_shops, shop, grunt_ministairs_5,
          kennysheep_orc_chapel
D:4:      minmay_chambers_of_fours, layout_cave_pools, cheibrodos_worm_habitat,
          minivault_23, minmay_misc_feat_diagonals, nicolae_shop_firing_range
D:5:      layout_rooms, minmay_manual_moon
D:6:      layout_basic
D:7:      minmay_blocky_corners, layout_cave_pods, minmay_temple_entry_trees,
          uniq_duvessa
Temple:   nicolae_temple_figure_eight

Skill      XL: |  1  2  3  4  5  6  7  8  9 |
---------------+----------------------------+-----
Conjurations   | 6 7 8 9 11 12 | 12.4
Spellcasting   | 3 4 |  4.0
Shields        | 5 |  5.4
Dodging        | 5 |  5.4
Stealth        | |  2.0

Action                   |  1- 3 |  4- 6 |  7- 9 || total
-------------------------+-------+-------+-------++-------
Melee: Unarmed           |     9 |       |       ||     9
       Kick              |     9 |     4 |       ||    13
       Dagger            |    10 |     6 |     2 ||    18
       Peck              |     1 |     2 |       ||     3
 Cast: Magic Dart        |    74 |    50 |    77 ||   201
       Searing Ray       |     1 |    17 |    40 ||    58
Evoke: Wand              |       |       |     2 ||     2
  Use: Potion            |       |       |     1 ||     1
 Stab: Sleeping          |       |       |     1 ||     1
Armor: Robe              |     1 |     8 |     5 ||    14
Dodge: Dodged            |    17 |    11 |    32 ||    60
Block: Buckler           |     1 |     2 |    13 ||    16

Table legend: (Time is in decaauts)
 A = Elapsed time spent in this place.
 B = Non-inter-level travel time spent in this place.
 C = Inter-level travel time spent in this place.
 D = Time resting spent in this place.
 E = Time spent auto-exploring this place.
 F = Levels seen in this place.
 G = Mean time per level.
                   A        B        C        D        E       F      G
               +--------+--------+--------+--------+--------+-----+--------+
         Total |   7682 |   7389 |    293 |      7 |   6443 |   8 |  960.2 |
       Dungeon |   7569 |   7294 |    275 |      7 |   6363 |   7 | 1081.3 |
        Temple |    112 |     94 |     18 |      0 |     79 |   1 |  112.0 |
               +--------+--------+--------+--------+--------+-----+--------+

Top non-repeatable levels by time:
     D:3: 1464 daAuts
     D:4: 1462 daAuts
     D:6: 1161 daAuts
     D:5: 1068 daAuts
     D:1: 1010 daAuts
     D:2: 931 daAuts
     D:7: 471 daAuts
  Temple: 112 daAuts
